 Dungeon Sprint DCSS version 0.23.1-37-gaa34b87 (webtiles) character file.

Game seed: 8999615659101543704

48 nuthulu the Fighter (level 6, -3/67 HPs)
             Began as a Minotaur Fighter on Mar 20, 2019.
             Was a Priest of Qazlal.
             Slain by a gargoyle
             ... wielding a +0 flail
              (9 damage)
             ... in the Dungeon (Sprint VI: "Thunderdome").
             The game lasted 00:01:52 (339 turns).

nuthulu the Fighter (Minotaur Fighter)               Turns: 339, Time: 00:01:52

Health: -3/67      AC: -17   Str: 26    XL:     6   Next: 71%
Magic:  5/5        EV:  8    Int: 18    God:    Qazlal [***...]
Gold:   145        SH: 14    Dex: 13    Spells: 5/5 levels left

rFire    . . .     SeeInvis +   a - +0 war axe
rCold    + . .     Gourm    .   c - +0 shield
rNeg     + . .     Faith    .   b - +0 scale mail
rPois    +         Spirit   .   (helmet restricted)
rElec    .         Reflect  .   t - +0 cloak
rCorr    .         Harm     .   (no gloves)
MR       .....     NoTele   +   (no boots)
Stlth    ..........             p - amulet "Nizxintu" {RegenMP *Contam rPois rC+ Int+4}
HPRegen  0.21/turn              r - ring of Accord {rPois Int+9 Dex+2 Slay+2}
MPRegen  0.34/turn              q - ring "Sugidiha" {*Slow rPois rN+ SInv}

@: mighty, corroded, hasted and slowed
A: retaliatory headbutt, horns 2
a: Upheaval, Elemental Force, Renounce Religion


You were in the Dungeon.
You worshipped Qazlal.
Qazlal was most pleased with you.
You were not hungry.

You visited 1 branch You collected 280 gold pieces.
You spent 135 gold pieces at shops.

Inventory:

Hand Weapons
 a - a +0 war axe (weapon)
Armour
 b - a +0 scale mail (worn)
 c - a +0 shield (worn)
 t - a +0 cloak (worn)
Jewellery
 p - the amulet "Nizxintu" (around neck) {RegenMP *Contam rPois rC+ Int+4}
   (You bought it in a shop in the Dungeon)

   [amulet of magic regeneration]

   It increases your magic regeneration.
   It affects your intelligence (+4).
   It protects you from cold.
   It protects you from poison.
   It causes magical contamination when unequipped.
 q - the ring "Sugidiha" (right hand) {*Slow rPois rN+ SInv}
   (You bought it in a shop in the Dungeon)

   [ring of see invisible]

   It protects you from poison.
   It protects you from negative energy.
   It lets you see invisible.
   It may slow you when you take damage.
 r - the ring of Accord (left hand) {rPois Int+9 Dex+2 Slay+2}
   (You bought it in a shop in the Dungeon)

   [ring of dexterity]

   It affects your intelligence (+9).
   It affects your dexterity (+2).
   It affects your accuracy and damage with ranged weapons and melee attacks
   (+2).
   It protects you from poison.
Wands
 l - a wand of acid (5)
 m - a wand of iceblast (5)
Scrolls
 k - 4 scrolls of blinking
 n - 3 scrolls of fog
Potions
 e - a potion of curing
 g - a potion of heal wounds
 h - 3 potions of haste
 i - 2 potions of magic
 j - a potion of berserk rage
 o - a potion of resistance
Comestibles
 f - a ration
 s - 4 chunks of flesh


   Skills:
 + Level 10.3 Fighting
 + Level 10.0 Axes
 + Level 10.3 Armour
 - Level 5.2 Shields


You had 5 spell levels left.
You didn't know any spells.
Your spell library was empty.

Dungeon Overview and Level Annotations

Branches:
Dungeon (1/1)

Altars:
Cheibriados
Dithmenos
Fedhas
Gozag
Kikubaaqudgha
Makhleb
Okawaru
Qazlal
Ru
Sif Muna
Trog
Uskayaw
Vehumet
Wu Jian
Xom
Yredelemnul
Zin
The Shining One
Beogh
Jiyva
Lugonu

Shops:
D *[%??*?*:[((!!!!


Innate Abilities, Weirdness & Mutations

You reflexively headbutt those who attack you in melee.
You have a pair of horns on your head.


Message History

Unknown command.
You feel much better. You block the gargoyle's attack.
You feel yourself speed up.
The gargoyle hurls a stone arrow at you.
The stone arrow hits you!
* * * LOW HITPOINT WARNING * * *
The gargoyle hurls a stone arrow at you.
The stone arrow hits you!
* * * LOW HITPOINT WARNING * * *
Unknown command.
You hit the gargoyle but do no damage.
You headbutt the gargoyle, but do no damage.
The gargoyle is lightly damaged.
You block the gargoyle's attack.
Unknown command.
Unknown command.
You hit the gargoyle but do no damage.
The gargoyle is lightly damaged.
The gargoyle hits you with a +0 flail!
You die...

........÷...###.............##
.........###...###..........⌠#
.........# #.<.# #....).....⌠#
.........###...###..........⌠#
......))....###.............##
#∩.....[..8.# #.8........∩###
##∩__..)....###......___∩##
######.8......§9☼8.######
#⌠........@☼.⌠#
###.........### #_......._#
#_........# #_......._#
#∩.......∩# ##∩.....∩##
##.....## ##⌠⌠⌠##


You could see a gargoyle.

Vanquished Creatures
  A rust devil (D)
  A hound (D)
  Crazy Yiuf (D)
  Jessica (D)
  4 gnolls (D)
  A leopard gecko (D)
  A hobgoblin (D)
  A frilled lizard (D)
11 creatures vanquished.

Notes
Turn   | Place    | Note
-------+----------+-------------------------------------------
     0 | D        | nuthulu the Minotaur Fighter began the quest for the Orb.
     0 | D        | Reached XP level 1. HP: 19/19 MP: 0/0
     1 | D        | Found a stormy altar of Qazlal.
     1 | D        | Found a deep blue altar of Sif Muna.
     2 | D        | Found a burning altar of Makhleb.
     2 | D        | Found a glowing golden altar of the Shining One.
     3 | D        | Found a radiant altar of Vehumet.
     4 | D        | Found Witzes's Delicious Food.
     4 | D        | Found an ancient bone altar of Kikubaaqudgha.
     4 | D        | Found Zanteip's Identification Station.
     5 | D        | Found Xoseumo's Jewellery.
     5 | D        | Found Byiheqeu's Advanced Armour.
     5 | D        | Round 1.
    13 | D        | Bought a faintly glowing bronze amulet for 45 gold pieces
    13 | D        | Bought a shimmering jade ring for 45 gold pieces
    13 | D        | Bought a crude platinum ring for 45 gold pieces
    13 | D        | Identified the ring of Accord {rPois Int+9 Dex+2 Slay+2}
                  | (You bought it in a shop in the Dungeon)
    14 | D        | Identified the amulet "Nizxintu" {RegenMP *Contam rPois rC+
                  | Int+4} (You bought it in a shop in the Dungeon)
    15 | D        | Identified the ring "Sugidiha" {*Slow rPois rN+ SInv} (You
                  | bought it in a shop in the Dungeon)
    20 | D        | Became a worshipper of Qazlal Stormbringer
    21 | D        | Noticed a hound
    34 | D        | Killed a hound
    34 | D        | Reached skill level 5 in Fighting
    34 | D        | Reached skill level 5 in Armour
    34 | D        | Reached skill level 5 in Shields
    34 | D        | Reached XP level 2. HP: 24/29 MP: 1/1
    34 | D        | Reached XP level 3. HP: 30/36 MP: 2/2
    36 | D        | Found a corrupted altar of Lugonu.
    37 | D        | Found Eprej's Magic Scroll Shop.
    38 | D        | Found a viscous altar of Jiyva.
    38 | D        | Found a basalt altar of Yredelemnul.
    38 | D        | Found a hide-covered altar of Uskayaw.
    38 | D        | Found Noanaps's Staff Store.
    38 | D        | Found Rihil's Magic Scroll Shop.
    38 | D        | Found Ucyanaez's Must-Have Magic.
    42 | D        | Found a sacrificial altar of Ru.
    43 | D        | Found an opulent altar of Gozag.
    44 | D        | Found a roughly hewn altar of Beogh.
    46 | D        | Found Ocimez's Distillery.
    47 | D        | Found Cixolew's Distillery.
    47 | D        | Found Zaamubil's Bottled Wisdom.
    48 | D        | Found a bloodstained altar of Trog.
    48 | D        | Found an iron altar of Okawaru.
    48 | D        | Found a shimmering altar of Xom.
    48 | D        | Found Deppi's Do-It-Yourself Clinic.
    52 | D        | Found a snail-covered altar of Cheibriados.
    54 | D        | Found a glowing silver altar of Zin.
    55 | D        | Found a blossoming altar of Fedhas.
    55 | D        | Found a shadowy altar of Dithmenos.
    55 | D        | Found an ornate altar of the Wu Jian Council.
    55 | D        | Found Ywerunast's Weapon Rack.
    55 | D        | Found Hiumotau's Premium Goods.
    56 | D        | Found Tillidan's Basic Armour.
    56 | D        | Found Ifanutalo's Miscellaneous Merchandise.
    78 | D        | Reached * piety under Qazlal
   109 | D        | Noticed Jessica
   115 | D        | Killed Jessica
   115 | D        | Reached skill level 5 in Axes
   122 | D        | Arena points: 12 (+12) [x2]
   185 | D        | Round 2.
   214 | D        | Reached ** piety under Qazlal
   214 | D        | Reached XP level 4. HP: 34/44 MP: 3/3
   237 | D        | Noticed Crazy Yiuf
   247 | D        | Killed Crazy Yiuf
   247 | D        | Reached *** piety under Qazlal
   247 | D        | Arena points: 48 (+36) [x3]
   312 | D        | Round 3.
   319 | D        | Noticed a rust devil
   329 | D        | Noticed a gargoyle
   333 | D        | HP: 2/47 [rust devil (11)]
   334 | D        | Killed a rust devil
   334 | D        | Reached skill level 10 in Fighting
   334 | D        | Reached skill level 10 in Axes
   334 | D        | Reached skill level 10 in Armour
   334 | D        | Reached XP level 5. HP: 3/59 MP: 4/4
   334 | D        | Reached XP level 6. HP: 3/67 MP: 5/5
   339 | D        | Slain by a gargoyle

Skill      XL: |  1  2  3  4 |
---------------+-------------+-----
Fighting       | 5 6 10 | 10.3
Axes           | 4 5 10 | 10.0
Armour         | 5 6 10 | 10.3
Shields        | 5 |  5.2

Action                   |  1- 3 |  4- 6 || total
-------------------------+-------+-------++-------
Melee: War axe           |    22 |    25 ||    47
       Headbutt          |     3 |     6 ||     9
  Use: Potion            |       |     5 ||     5
Armor: Scale mail        |     9 |     1 ||    10
Dodge: Dodged            |     8 |     6 ||    14
Block: Shield            |    12 |    21 ||    33
